 Dungeon Crawl Stone Soup version 0.31-a0-188-g5e087ee2ca (webtiles) character file.

Game seed: 17875979492717348257

168 qw the Skirmisher (level 5, 0/29 HPs)
             Began as a Deep Elf Hunter on June 23, 2023.
             Was an Initiate of Okawaru.
             Slain by an orc wizard
             ... wielding a +2 dagger of freezing
              (1 damage)
             ... on level 4 of the Dungeon.
             The game lasted 00:00:56 (2496 turns).

qw the Skirmisher (Deep Elf Hunter)                 Turns: 2496, Time: 00:00:57

Health: 0/29       AC:  6    Str: 10    XL:     5   Next: 23%
Magic:  7/7        EV: 11    Int: 14    God:    Okawaru [......]
Gold:   303        SH:  0    Dex: 18    Spells: 4/4 levels left

rFire   . . .        Y - +0 shortbow (chaos)
rCold   . . .        (shield currently unavailable)
rNeg    . . .        d - +0 ring mail
rPois   .            (no helmet)
rElec   .            (no cloak)
rCorr   .            (no gloves)
SInv    .            e - +0 pair of boots {Fly}
Will    +....        (no amulet)
Stlth   +            f - ring of willpower
HPRegen 0.24/turn    (no ring)
MPRegen 0.10/turn

%: no passive effects
@: flying
A: no striking features
a: Renounce Religion


You were on level 4 of the Dungeon.
You worshipped Okawaru.
Okawaru was noncommittal.
You visited 1 branch of the dungeon, and saw 4 of its levels.

You collected 303 gold pieces.


   Skills:
 - Level 1.5 Fighting
 + Level 8.7 Ranged Weapons
 - Level 2.4 Dodging
 - Level 1.2 Stealth


You had 4 spell levels left.
You didn't know any spells.
Your spell library was empty.

Inventory:

Hand Weapons
 Y - a +0 shortbow of chaos (weapon)
Armour
 d - a +0 ring mail (worn)
 e - a +0 pair of boots of flying (worn)
Jewellery
 f - a ring of willpower (left hand)
Scrolls
 a - 2 scrolls of identify
Potions
 g - a potion of cancellation
 j - a potion of curing

Dungeon Overview and Level Annotations

Branches:
Dungeon (4/15)
 Temple: D:4-7

Altars:
Kikubaaqudgha
Okawaru


Message History

2481 ||| STILL FLEEEEING.
2482 ||| STILL FLEEEEING.
2483 ||| STILL FLEEEEING.
2484 ||| STILL FLEEEEING.
2485 ||| STILL FLEEEEING.
2486 ||| STILL FLEEEEING.
Things that are here:
a +0 dagger; a +0 scale mail; an orc corpse You start resting.
An orc wizard is nearby!
2488 ||| FLEEEEING.
2489 ||| FLEEEEING.
You shoot an arrow. The arrow hits the orc wizard.
The orc wizard seems to speed up.
The orc wizard is moderately wounded.
You shoot an arrow.
The arrow closely misses the orc wizard.
The arrow hits the orc priest but does no damage.
The orc wizard casts a spell at you. The magic dart hits you.
You shoot an arrow.
The arrow completely misses the orc wizard.
The arrow hits the orc priest.
The orc priest is poisoned.
The orc priest is lightly wounded.
The orc wizard mumbles some strange words.
The orc wizard flickers and vanishes!
Deactivating autopickup; reactivate with Ctrl-A.
You shoot an arrow. The arrow hits the orc priest.
The arrow freezes the orc priest.
The orc priest is heavily wounded.
Something hits you. Something freezes you.
You shoot an arrow. The arrow hits the orc priest.
You kill the orc priest!
Okawaru accepts your kill.
You hear some strange, mumbled words.
A puff of flame appears from out of thin air!
The puff of flame hits you! Something hits you. Something freezes you.
2495 ||| STILL FLEEEEING.
2496 ||| STILL FLEEEEING.
Something hits you.
You die...

#.....# #####.#
#.# #.# #.# #)#
#.# #.# #@# ###
#.##############..
#................#
#.################
###


There were no monsters in sight!

Vanquished Creatures
  An orc priest (D:4)
  5 adders
  2 worms (D:3)
  3 dart slugs (D:1)
  5 orcs
  9 ball pythons
  3 endoplasms
  8 giant cockroaches
  4 goblins
  A hobgoblin (D:1)
  5 jackals
  9 kobolds
  2 quokkas
  7 bats
  3 frilled lizards
  9 rats
76 creatures vanquished.

Notes
Turn   | Place    | Note
-------+----------+-------------------------------------------
     0 | D:1      | qw the Deep Elf Hunter began the quest for the Orb.
     0 | D:1      | Reached XP level 1. HP: 12/12 MP: 3/3
     0 | D:1      | 0 ||| qw: Version: 0.3-a-9-g12657ce
     0 | D:1      | 0 ||| qw: Game counter: 3321
     0 | D:1      | 0 ||| qw: Always use a shield: true
     0 | D:1      | 0 ||| qw: God list: Okawaru
     0 | D:1      | 0 ||| qw: Allow faded altars: false
     0 | D:1      | 0 ||| qw: Do Orc after D:15 true
     0 | D:1      | 0 ||| qw: Do second Lair branch before Depths: true
     0 | D:1      | 0 ||| qw: Lair rune preference: random
     0 | D:1      | 0 ||| qw: Plans: Normal
     0 | D:1      | 0 ||| PLANNING D:1-11
   212 | D:1      | Reached skill level 6 in Ranged Weapons
   212 | D:1      | Reached XP level 2. HP: 11/16 MP: 4/4
   577 | D:1      | Found a faded altar of an unknown god.
   580 | D:1      | Reached XP level 3. HP: 20/20 MP: 5/5
   958 | D:1      | 958 ||| UPGRADING to +0 ring mail.
   968 | D:1      | 968 ||| DROPPING +0 leather armour.
   969 | D:1      | 969 ||| UPGRADING to amulet of guardian spirit.
   974 | D:1      | 974 ||| UPGRADING to ring of willpower.
   975 | D:1      | 975 ||| READING scroll labelled SIUTUB SEEL.
   976 | D:1      | 976 ||| READING scroll labelled RUEZXAIL DOYX.
   977 | D:1      | 977 ||| DROPPING scroll of butterflies.
  1013 | D:2      | Reached skill level 7 in Ranged Weapons
  1175 | D:2      | Reached XP level 4. HP: 25/25 MP: 6/6
  1479 | D:2      | 1479 ||| UPGRADING to +0 pair of boots of flying.
  1484 | D:2      | 1484 ||| DROPPING +6 ring of intelligence.
  1485 | D:2      | 1485 ||| READING 2 scrolls labelled TAEPO NONEUNU.
  1486 | D:2      | 1486 ||| READING scroll labelled XYHOAM IMOW.
  1543 | D:3      | Found an ancient bone altar of Kikubaaqudgha.
  1659 | D:3      | Found an iron altar of Okawaru.
  1660 | D:3      | 1660 ||| PLANNING OKAWARU WORSHIP
  1660 | D:3      | 1660 ||| DROPPING ring of wizardry.
  1661 | D:3      | 1661 ||| READING 2 scrolls labelled MUXKOGE LUMUYNICZY.
  1662 | D:3      | 1662 ||| READING 2 scrolls of identify.
  1662 | D:3      | 1662 ||| IDENTIFYING puce potion
  1663 | D:3      | 1663 ||| DROPPING potion of berserk rage.
  1664 | D:3      | 1664 ||| DROPPING scroll of blinking.
  1670 | D:3      | Became a worshipper of Warmaster Okawaru
  1671 | D:3      | 1671 ||| PLANNING D:1-11
  1671 | D:3      | 1671 ||| REMOVING amulet of guardian spirit.
  1787 | D:3      | Reached skill level 8 in Ranged Weapons
  2276 | D:3      | Reached XP level 5. HP: 19/29 MP: 7/7
  2418 | D:3      | 2418 ||| DROPPING amulet of guardian spirit.
  2419 | D:3      | 2419 ||| READING 2 scrolls labelled WITWUSS FAPSE.
  2420 | D:3      | 2420 ||| READING 3 scrolls of identify.
  2420 | D:3      | 2420 ||| IDENTIFYING pink potion
  2421 | D:3      | 2421 ||| READING 2 scrolls of identify.
  2421 | D:3      | 2421 ||| IDENTIFYING red potion
  2422 | D:3      | 2422 ||| DROPPING scroll of immolation.
  2476 | D:4      | 2476 ||| FLEEEEING.
  2477 | D:4      | 2477 ||| FLEEEEING.
  2488 | D:4      | 2488 ||| FLEEEEING.
  2489 | D:4      | 2489 ||| FLEEEEING.
  2494 | D:4      | HP: 6/29 [something/puff of flame (7)]
  2494 | D:4      | HP: 1/29 [something (2)]
  2496 | D:4      | Slain by an orc wizard

Levels and vault maps discovered:
D:1:      dpeg_arrival_rooms_a, layout_basic,
          ebering_ecumenical_altar_abandoned, minmay_pentomino_w2
D:2:      layout_basic, minmay_worlds_worst_comb
D:3:      layout_basic, kiku_gazebo_pond_becter, nicolae_overflow_crystal_walls
D:4:      layout_basic, general_overflow_altar, serial_shops,
          nicolae_shop_back_alley_shop, serial_rivers,
          chequers_serial_rivers_micro_d, chequers_serial_rivers_large_b,
          chequers_serial_rivers_micro_c, chequers_serial_rivers_large_a,
          corexii_checkpoint_b, nicolae_goblin_pals

Skill      XL: |  1  2  3  4 |
---------------+-------------+-----
Ranged Weapons | 6 7 8 |  8.7
Fighting       | |  1.5
Dodging        | |  2.4
Stealth        | |  1.2

Action                     |  1- 3 |  4- 6 || total
---------------------------+-------+-------++-------
   Fire: Shortbow          |   103 |    93 ||   196
    Use: Scroll            |     2 |     7 ||     9
 Armour: Leather armour    |     7 |       ||     7
         Ring mail         |     2 |    17 ||    19
  Dodge: Dodged            |    22 |    25 ||    47

Table legend:
 A = Non-vault XP
 B = Vault XP
 C = Vault XP percentage of total XP
 D = Non-vault monster count
 E = Vault monster count
 F = Vault count percentage of total count
                 A         B        C        D         E       F
            +---------+---------+-------+---------+---------+-------
      Total |     224 |      16 |   6.7 |      69 |       7 |   9.2
            +---------+---------+-------+---------+---------+-------
        D:1 |      52 |       6 |  10.3 |      30 |       2 |   6.2
        D:2 |      48 |      10 |  17.2 |      16 |       5 |  23.8
        D:3 |      80 |       0 |   0.0 |      21 |       0 |   0.0
        D:4 |      44 |       0 |   0.0 |       2 |       0 |   0.0
            +---------+---------+-------+---------+---------+-------
